 Dungeon Crawl Stone Soup version 0.17.1-3-g152610e (console) character file.

62 Sehdowjr the Conjurer (level 3, 0/19 HPs)
             Began as a Deep Elf Conjurer on Mar 26, 2016.
             Slain by a goblin
             ... wielding a +0 club
             ... led by Robin
              (7 damage)
             ... on level 3 of the Dungeon on Mar 30, 2016.
             The game lasted 00:08:18 (1782 turns).

Sehdowjr the Conjurer (Deep Elf Conjurer)           Turns: 1782, Time: 00:08:19

Health: 0/19       AC:  2    Str:  5    XL:     3   Next: 85%
Magic:  0/10       EV: 13    Int: 20    God:
Gold:   93         SH:  0    Dex: 15    Spells: 1 memorised, 9 levels left

rFire  . . .     SeeInvis .     (no weapon)
rCold  . . .     Clarity  .     a - +0 robe
rNeg   . . .     SustAt   .     (no shield)
rPois  .         Gourm    .     (no helmet)
rElec  .         Spirit   .     (no cloak)
rCorr  .         Warding  .     (no gloves)
rMut   .         Stasis   .     (no boots)
MR     .....                    (no amulet)
Stlth  ++........               (no ring)
                                (no ring)

@: not resistant to hostile enchantments, unstealthy
A: no striking features
a: no special abilities


You were on level 3 of the Dungeon.
You were not hungry.

You visited 1 branch of the dungeon, and saw 3 of its levels.

You collected 93 gold pieces.

Inventory:

Armour
 a - a +0 robe (worn)
Jewellery
 e - a cursed ring of teleportation {unknown}
 l - an uncursed ring of stealth {unknown}
Scrolls
 i - 2 scrolls of fear {unknown}
 k - a scroll of identify {unknown}
 m - a scroll of magic mapping {unknown}
 n - a scroll of amnesia {unknown}
 o - 2 scrolls of remove curse {unknown}
Potions
 d - a potion of curing {unknown}
 g - a potion of cancellation {unknown}
 j - a potion of ambrosia {unknown}
Books
 b - a book of Conjurations

   Spells                             Type                      Level
   a - Magic Dart                     Conjuration                  1
   b - Searing Ray                    Conjuration                  2
   c - Dazzling Spray                 Conjuration/Hexes            3
   d - Fulminant Prism                Conjuration/Hexes            4
   e - Iskenderun's Mystic Blast      Conjuration                  4
   f - Iskenderun's Battlesphere      Conjuration/Charms           5
Comestibles
 c - 2 bread rations
 f - a beef jerky
 h - 2 meat rations
 p - a chunk of flesh


   Skills:
 - Level 2.7 Dodging
 - Level 2.5 Stealth
 + Level 4.1 Spellcasting
 + Level 5.4 Conjurations


You had 9 spell levels left.
You knew the following spells:

 Your Spells              Type           Power        Failure   Level  Hunger
a - Magic Dart            Conj           ####         1%          1    None


Dungeon Overview and Level Annotations

Branches:
Dungeon (3/15)

Altars:
Ashenzari
Dithmenos
Elyvilon
Kikubaaqudgha
Xom

Annotations:
D:3 Robin


Message History

Casting: Magic Dart
Confirm with . or Enter, or press ? or * to list all spells.
Aiming: Magic Dart
Press: ? - help, Shift-Dir - straight line, f/p - Robin
Aim: Robin, wielding a club, wearing an animal skin and wearing a helmet (almost dead)
The magic dart hits Robin.
Robin is almost dead.
Robin roars a battlecry!
The goblin goes into a battle-frenzy!
Robin hits you with a club. Robin throws the goblin at you!
You barely miss the goblin. The goblin closely misses you.
Robin flexes a bicep menacingly.
You hit the goblin.
The goblin is heavily wounded.
The goblin hits you with a club. Robin hits you with a club!
You hit the goblin.
The goblin is almost dead.
The goblin hits you with a club!
You die...

#.# #.....##### .# #.#
##...##...######.#
#.########.....g.....g....#
#..........#.###...########
############.# ##### #.#
#g# #g# #@# #g# #.# #.# #.#
... ?.. ...


You could see Robin and 2 goblins.

Vanquished Creatures
  An adder (D:3)
  An ooze (D:3)
  4 worms
  8 hobgoblins
  2 kobolds
  6 bats
  A giant gecko (D:1)
  2 giant newts
  8 goblins
  6 rats
39 creatures vanquished.

Notes
Turn   | Place    | Note
--------------------------------------------------------------
     0 | D:1      | Sehdowjr the Deep Elf Conjurer began the quest for the Orb.
     0 | D:1      | Reached XP level 1. HP: 10/10 MP: 6/6
   229 | D:1      | Reached XP level 2. HP: 15/15 MP: 2/8
   271 | D:1      | Found a shattered altar of Ashenzari.
   497 | D:2      | Found a shadowy altar of Dithmenos.
   497 | D:2      | Found an ancient bone altar of Kikubaaqudgha.
   498 | D:2      | Found a white marble altar of Elyvilon.
   629 | D:2      | Reached skill level 5 in Conjurations
  1090 | D:3      | Reached XP level 3. HP: 19/19 MP: 2/10
  1446 | D:3      | Found a shimmering altar of Xom.
  1756 | D:3      | Noticed Robin
  1782 | D:3      | Slain by a goblin

Action                   || total
-------------------------++-------
Melee: Unarmed           ||     3
 Cast: Magic Dart        ||   108
  Eat: Beef jerky        ||     1
       Chunk             ||     1
